 Dungeon Crawl Stone Soup version 0.29.1-2-gbd0b4ee654 (webtiles) character file.

Game seed: 10969836417490591441

85 Raikaria the Stinger (level 4, 0/33 HPs)
             Began as a Formicid Venom Mage on Nov 7, 2022.
             Slain by Grinder (5 damage)
             ... on level 3 of the Dungeon.
             The game lasted 00:06:33 (2446 turns).

Raikaria the Stinger (Formicid Venom Mage)          Turns: 2446, Time: 00:06:34

Health: 0/33       AC:  2    Str: 13    XL:     4   Next: 75%
Magic:  7/8        EV: 12    Int: 16    God:
Gold:   91         SH:  0    Dex: 14    Spells: 5/9 levels left

rFire   . . .      SeeInvis +   g - +0 sling
rCold   . . .      Faith    .   (no shield)
rNeg    . . .      Spirit   .   a - +0 robe
rPois   .          Reflect  .   (helmet unavailable)
rElec   .          Harm     .   (no cloak)
rCorr   .          Rampage  .   (no gloves)
Will    .....                   (no boots)
Stlth   ++........              (no amulet)
HPRegen 0.11/turn               (no ring)
MPRegen 0.11/turn               (no ring)

@: no status effects
A: permanent stasis, dig shafts and tunnels, antennae 3, four strong arms
a: Dig, Shaft Self


You were on level 3 of the Dungeon.
You visited 1 branch of the dungeon, and saw 3 of its levels.

You collected 91 gold pieces.

Inventory:

Hand Weapons
 c - a +0 mace
 g - a +0 sling (weapon)
Armour
 a - a +0 robe (worn)
Jewellery
 n - an amulet of reflection
Scrolls
 f - 2 scrolls of immolation {unknown}
 h - 3 scrolls of identify {unknown}
 i - a scroll of magic mapping {unknown}
 j - a scroll of teleportation {unknown}
 m - a scroll of summoning {unknown}
Potions
 b - a potion of magic
 d - 2 potions of lignification {unknown}
 e - 2 potions of curing {unknown}
 k - 3 potions of might {unknown}
 l - a potion of mutation {unknown}
 o - a potion of heal wounds {unknown}


   Skills:
 + Level 1.9 Fighting
 + Level 1.3 Ranged Weapons
 - Level 1.7 Dodging
 - Level 2.4 Stealth
 + Level 3.0 Spellcasting
 - Level 1.5 Transmutations
 + Level 4.8 Poison Magic


You had 5 spell levels left.
You knew the following spells:

 Your Spells              Type           Power      Damage    Failure   Level
a - Sting                 Tmut/Pois      48%        1d5       4%          1
b - Mephitic Cloud        Conj/Pois/Air  7%         N/A       28%         3

Your spell library contained the following spells:

 Spells                   Type           Power      Damage    Failure   Level
 Poisonous Vapours        Pois/Air       20%        N/A       11%         2
 Olgreb's Toxic Radiance  Pois           17%        N/A       26%         4


Dungeon Overview and Level Annotations

Branches:
Dungeon (3/15)

Altars:

Shops:
D:1 ?

Annotations:
D:3 Grinder


Innate Abilities, Weirdness & Mutations

You cannot be hasted, slowed, berserked, paralysed or teleported.
You can dig through walls and to a lower floor.
You have a pair of large antennae on your head. (SInv)
Your four strong arms can wield two-handed weapons with a shield.


Message History

Grinder blinks!
Grinder gestures at you. You resist with significant effort.
Casting: Sting (safe; 4% risk of failure)
Confirm with . or Enter, or press ? or * to list all spells.
Aiming: Sting (safe; 4% risk of failure)
Press: ? - help, Shift-Dir - straight line, f/p - Grinder
Aim: Grinder (lightly wounded, 68% to hit)
You miscast Sting.
You are very lightly contaminated with residual magic.
Nothing appears to happen.
Fire: g) +0 sling
Press: ? - help, Q - select action, (/) - cycle Shift-Dir - straight line, f/p - Grinder
Aim: Grinder (lightly wounded, 50% to hit)
You shoot a sling bullet.
The sling bullet closely misses Grinder.
Grinder blinks!
Fire: g) +0 sling
Press: ? - help, Q - select action, (/) - cycle Shift-Dir - straight line, f/p - Grinder
Aim: Grinder (lightly wounded, 50% to hit)
You shoot a sling bullet. The sling bullet barely misses Grinder.
Grinder gestures at you. Pain shoots through your body!
You shoot a sling bullet. The sling bullet barely misses Grinder.
You shoot a sling bullet. The sling bullet barely misses Grinder.
You shoot a sling bullet. The sling bullet hits Grinder.
Grinder is lightly wounded.
Grinder hits you!
Your magical contamination has completely faded away.
You are too injured to fight recklessly!
You are too injured to fight recklessly!
Fire: g) +0 sling
Press: ? - help, Q - select action, (/) - cycle Shift-Dir - straight line, f/p - Grinder
Aim: Grinder (lightly wounded, 50% to hit)
You shoot a sling bullet. The sling bullet hits Grinder.
Grinder is lightly wounded.
Grinder hits you!
* * * LOW HITPOINT WARNING * * *
You writhe in agony.
You die...

.. #...........##...#
...##.<..............
.....<......###....#
..................##
#####...##..###)..#
#.<>##..# #...#
#...##..# #...#
#..######...#...###...#
.?.....@5.............#
##(######.#..........##
#######.###..# #.# #..#
##{###..# { #.......#
##.###.## { #.# #.####
##.###.....


You could see Grinder.

Vanquished Creatures
  4 adders
  2 dart slugs (D:1)
  An orc (D:3)
  4 endoplasms
  2 giant cockroaches (D:1)
  4 goblins
  3 hobgoblins
  6 kobolds
  2 quokkas (D:1)
  4 ball pythons (D:1)
  4 bats
  4 frilled lizards
  5 rats
45 creatures vanquished.

Notes
Turn   | Place    | Note
-------+----------+-------------------------------------------
     0 | D:1      | Raikaria the Formicid Venom Mage began the quest for the
                  | Orb.
     0 | D:1      | Reached XP level 1. HP: 13/13 MP: 3/3
    93 | D:1      | Reached XP level 2. HP: 8/20 MP: 5/5
   565 | D:1      | Reached skill level 1 in Fighting
   678 | D:1      | Found a faded altar of an unknown god.
   694 | D:1      | Reached XP level 3. HP: 26/26 MP: 6/6
   743 | D:1      | Found Alazuid's Magic Scroll Shop.
  1042 | D:1      | Learned a level 3 spell: Mephitic Cloud
  1608 | D:2      | Reached XP level 4. HP: 32/32 MP: 8/8
  1717 | D:2      | Reached skill level 1 in Ranged Weapons
  2414 | D:3      | Noticed Grinder
  2446 | D:3      | Slain by Grinder

Illustrated notes

Levels and vault maps discovered:
D:1:      dpeg_arrival_oval, layout_basic, serial_shops,
          nicolae_shop_advertising_works [nicolae_subvault_shop_adworks],
          chequers_ecumenical_altar_simple
D:2:      layout_basic, kennysheep_cluttered_room, kennysheep_generic_room_3
D:3:      cheibrodos_thug_alley, layout_loops_ring, kennysheep_doodads,
          kennysheep_generic_room_8, uniq_sigmund, uniq_grinder

Skill      XL: |  1  2  3  4 |
---------------+-------------+-----
Fighting       | 1 |  1.9
Ranged Weapons | 1 |  1.3
Spellcasting   | 3 |  3.0
Dodging        | |  1.7
Stealth        | |  2.4
Transmutations | |  1.5
Poison Magic   | |  4.8

Action                   |  1- 3 |  4- 6 || total
-------------------------+-------+-------++-------
Melee: Mace              |     9 |       ||     9
       Unarmed           |     2 |       ||     2
 Fire: Sling             |    71 |    46 ||   117
 Cast: Sting             |    12 |     5 ||    17
Armor: Robe              |     6 |     6 ||    12
Dodge: Dodged            |    27 |    13 ||    40
